 Dungeon Crawl Stone Soup version 0.25.0-11-g1f837a76a1 (webtiles) character file.

Game seed: 1287971166394338648

9328 Delamore the Bludgeoner (level 11, -2/62 HPs)
             Began as a Gargoyle Fighter on June 24, 2020.
             Was a High Priest of Qazlal.
             Slain by a wolf spider (13 damage)
             ... on level 1 of the Lair of Beasts.
             The game lasted 00:13:19 (10389 turns).

Delamore the Bludgeoner (Gargoyle Fighter)         Turns: 10389, Time: 00:13:20

Health: -2/62      AC: 24    Str: 24    XL:     11   Next: 44%
Magic:  11/11      EV:  8    Int:  8    God:    Qazlal [*****.]
Gold:   226        SH: 16    Dex:  9    Spells: 10/10 levels left

rFire    . . .     SeeInvis .   v - +2 whip (freeze)
rCold    . . .     Gourm    .   c - +0 kite shield
rNeg     + . .     Faith    +   H - +2 ring mail {rPois}
rPois    ∞         Spirit   .   (no helmet)
rElec    +         Reflect  .   (no cloak)
rCorr    .         Harm     .   (no gloves)
MR       .....                  t - +1 pair of boots {Stlth+}
Stlth    +.........             p - amulet of faith
HPRegen  0.20/turn              e - +4 ring of protection
MPRegen  0.12/turn              x - ring of stealth

@: protected from physical damage, repel missiles
A: negative energy resistance 1, electricity resistance, unbreathing,
petrification resistance, rot immunity, AC +8
a: Upheaval, Elemental Force, Disaster Area, Renounce Religion


You were on level 1 of the Lair of Beasts.
You worshipped Qazlal.
Qazlal was extremely pleased with you.
You were not hungry.

You visited 2 branches of the dungeon, and saw 10 of its levels.

You collected 669 gold pieces.
You spent 443 gold pieces at shops.

Inventory:

Hand Weapons
 v - a +2 whip of freezing (weapon)
 I - a +0 morningstar
 L - a +3 vorpal mace
Missiles
 g - 4 silver boomerangs
 M - a throwing net
 N - 5 atropa-tipped darts (quivered)
Armour
 c - a +0 kite shield (worn)
 t - a +1 pair of boots of stealth (worn)
 F - a +0 pair of boots
 H - a +2 ring mail of poison resistance (worn)
Jewellery
 e - a +4 ring of protection (left hand)
 p - an amulet of faith (around neck)
 x - a ring of stealth (right hand)
 G - a +4 ring of evasion {unknown}
Wands
 a - a wand of acid (5)
 y - a wand of flame (18)
 A - a wand of disintegration (14)
 E - a wand of clouds (7)
 Q - a wand of enslavement (8)
Scrolls
 h - 3 scrolls of fear
 m - 4 scrolls of noise
 n - a scroll of immolation
 q - 6 scrolls of remove curse
 r - 2 scrolls of random uselessness
 s - a scroll of magic mapping
 z - 2 scrolls of enchant weapon
 C - a scroll of vulnerability {unknown}
 D - a scroll of amnesia
 K - 5 scrolls of teleportation {unknown}
 O - a scroll of fog
 P - a scroll of identify
Potions
 b - 2 potions of resistance
 d - 2 potions of might
 i - 3 potions of lignification
 j - 3 potions of degeneration
 k - a potion of flight
 l - 3 potions of curing
 o - a potion of ambrosia
 u - a potion of brilliance
 w - 2 potions of haste
 B - 2 potions of heal wounds
 J - 5 potions of stabbing {unknown}
Miscellaneous
 R - a box of beasts
Comestibles
 f - 18 rations
 S - 2 chunks of flesh


   Skills:
 + Level 4.6 Fighting
 - Level 16.1 Maces & Flails
 - Level 3.2 Armour
 + Level 4.6 Shields


You had 10 spell levels left.
You didn't know any spells.
Your spell library contained the following spells:

 Spells                   Type           Power        Failure   Level  Hunger
 Corona                   Hex            #......      95%         1    ##.....
 Ensorcelled Hibernation  Hex/Ice        #.....       98%         2    ###....
 Slow                     Hex            #.......     98%         2    ###....
 Confusing Touch          Hex            #.......     100%        3    ####...
 Dazzling Flash           Conj/Hex       #.....       100%        3    ####...
 Inner Flame              Hex/Fire       #.......     100%        3    ####...
 Portal Projectile        Hex/Tloc       #.....       100%        3    ####...
 Tukima's Dance           Hex            #.......     100%        3    ####...
 Cause Fear               Hex            #.........   100%        4    #####..
 Leda's Liquefaction      Hex/Erth       #.........   100%        4    #####..


Dungeon Overview and Level Annotations

Branches:
Dungeon (8/15)             Temple (0/1) D:5            Lair (2/6) D:8
  Swamp: Lair:2-4    Shoals: Lair:2-4     Snake: Lair:2-4    Spider: Lair:2-4

Altars:
Qazlal
Beogh

Shops:
D:4 !!*[[   D:6 ?![*   D:8 ?


Innate Abilities, Weirdness & Mutations

You are resistant to torment.
Your stone body is resilient. (AC +8)
You are immune to poison.
You resist negative energy. (rN+)
You are resistant to electric shocks. (rElec)
You can survive without breathing.
You are immune to petrification.
You are immune to rotting.


Message History

The wolf spider hits you.
You feel more protected from physical attacks.
The wolf spider closely misses you. The adder closely misses you.
There is an escape hatch in the ceiling here.
The wolf spider hits you but does no damage.
You block the wolf spider's attack. The adder completely misses you.
The wolf spider hits you!
* * * LOW HITPOINT WARNING * * *
You feel more protected from physical attacks.
The wolf spider bites you but does no damage.
The wolf spider barely misses you. You block the wolf spider's attack.
A mysterious force pulls you upwards. The hatch slams shut behind you.
The wolf spider is engulfed in blazing flames.
The wolf spider barely misses you. The wolf spider bites you.
* * * LOW HITPOINT WARNING * * *
You barely miss the wolf spider.
The wolf spider is moderately wounded.
The wolf spider hits you!
You die...

### ##### #.# ###### #####...###
### #.# ###
#..#.###.##P...○@###.## ##.###.#
.##..##.........#sS.°.# #...##..
.#.............#####..####...#.##
#.....##........#####..#.#....###
##....###.........# ##........# #
#.....# #.........###.........# #
#.....###.....................##
..................####..#......#
.........≈....≈...#≈≈#.#.......##


You could see a wolf spider and an adder.

Vanquished Creatures
  A two-headed ogre (D:7)
  A spiny frog (Lair:1)
  2 komodo dragons
  A queen bee (D:8)
  A hippogriff (Lair:2)
  2 wyverns (Lair:1)
  6 yaks (D:8)
  3 basilisks (Lair:2)
  2 hungry ghosts (D:8)
  7 water moccasins
  9 porcupines
  Duvessa (D:6)
  An orc warrior (D:6)
  A sky beast (D:6)
  5 ogres
  2 phantoms
  2 centaurs
  8 crocodiles
  2 bullfrogs
  A scorpion (D:8)
  A wyvern skeleton (D:6)
  Dowan (D:6)
  16 killer bees (D:8)
  4 wights (D:6)
  3 howler monkeys (D:8)
  2 crimson imps
  A quasit (D:8)
  A gnoll shaman (D:8)
  5 hounds
  5 orc priests
  3 orc wizards
  A bullfrog skeleton (D:6)
  An iguana (D:6)
  8 worker ants
  A killer bee zombie (D:6)
  A hound skeleton (D:4)
  2 worker ant zombies
  14 gnolls
  A howler monkey skeleton (D:6)
  13 adders
  2 shadow imps (D:6)
  An ooze (D:2)
  An adder zombie (D:6)
  3 worms
  2 leopard geckos
  20 orcs
  3 giant cockroaches
  4 goblins
  4 hobgoblins
  6 kobolds
  4 quokkas
  3 ball pythons
  9 bats
  17 frilled lizards
  5 rats
  2 butterflies (Lair:1)
228 creatures vanquished.

Vanquished Creatures (others)
  8 fungi
  14 plants
22 creatures vanquished.

Grand Total: 250 creatures vanquished

Notes
Turn   | Place    | Note
-------+----------+-------------------------------------------
     0 | D:1      | Delamore the Gargoyle Fighter began the quest for the Orb.
     0 | D:1      | Reached XP level 1. HP: 14/14 MP: 1/1
   197 | D:1      | Reached XP level 2. HP: 19/19 MP: 2/2
   376 | D:1      | You fall into a shaft and drop 1 floor!
   409 | D:2      | Reached skill level 3 in Maces & Flails
   607 | D:2      | Reached XP level 3. HP: 23/23 MP: 3/3
   985 | D:2      | Reached skill level 4 in Maces & Flails
   996 | D:2      | Reached XP level 4. HP: 4/28 MP: 4/4
  1329 | D:2      | Found a stormy altar of Qazlal.
  1340 | D:2      | Became a worshipper of Qazlal Stormbringer
  1781 | D:3      | Reached skill level 5 in Maces & Flails
  1781 | D:3      | Reached XP level 5. HP: 16/32 MP: 5/5
  2066 | D:3      | Reached * piety under Qazlal
  2739 | D:4      | Reached skill level 6 in Maces & Flails
  2764 | D:4      | Found Goum's Antique Armour Shoppe.
  2772 | D:4      | Bought a pair of runed boots for 150 gold pieces
  2808 | D:4      | Found a roughly hewn altar of Beogh.
  2821 | D:4      | Reached XP level 6. HP: 17/37 MP: 6/6
  3084 | D:4      | Noticed a phantom
  3094 | D:4      | Killed a phantom
  3094 | D:4      | Reached ** piety under Qazlal
  3094 | D:4      | Reached skill level 7 in Maces & Flails
  3185 | D:4      | Found Zeasch's Antique Armour Shop.
  3232 | D:4      | Reached XP level 7. HP: 41/41 MP: 7/7
  3420 | D:4      | Found Zenesch's Distillery.
  3467 | D:4      | Found Anuimo's Distillery.
  3470 | D:4      | Bought a potion of heal wounds for 65 gold pieces
  3470 | D:4      | Bought a potion of heal wounds for 65 gold pieces
  3470 | D:4      | Found Xoarac's General Store.
  3476 | D:4      | Bought a scroll of identify for 26 gold pieces
  3653 | D:5      | Entered Level 5 of the Dungeon
  4025 | D:5      | Found a staircase to the Ecumenical Temple.
  4373 | D:5      | Reached skill level 8 in Maces & Flails
  4615 | D:6      | Found Weoxku Ajiur's Magic Scroll Shoppe.
  4633 | D:6      | Bought a scroll of identify for 22 gold pieces
  4633 | D:6      | Bought a scroll of identify for 22 gold pieces
  4774 | D:6      | HP: 1/41 [crimson imp/exploding inner flame[the player
                  | character] (39)]
  4960 | D:6      | Noticed Duvessa
  4965 | D:6      | Noticed Dowan
  5158 | D:6      | Reached skill level 9 in Maces & Flails
  5158 | D:6      | Reached XP level 8. HP: 37/46 MP: 8/8
  5174 | D:6      | Killed Dowan
  5192 | D:6      | Killed Duvessa
  5229 | D:6      | Found Sopooj's Distillery.
  5257 | D:6      | Reached skill level 10 in Maces & Flails
  5290 | D:6      | Found Cuwakize's General Store.
  5315 | D:6      | Bought 5 atropa-tipped darts for 33 gold pieces
  5353 | D:6      | Bought a scroll of magic mapping for 38 gold pieces
  5403 | D:6      | Reached *** piety under Qazlal
  5613 | D:6      | Reached skill level 11 in Maces & Flails
  5628 | D:6      | Reached XP level 9. HP: 49/51 MP: 9/9
  5811 | D:6      | Found Jamix's Antique Armour Shop.
  6781 | D:8      | Found Taweat's Magic Scroll Emporium.
  6787 | D:8      | Bought a scroll of fog for 22 gold pieces
  6805 | D:8      | Reached skill level 12 in Maces & Flails
  6932 | D:8      | Reached **** piety under Qazlal
  6935 | D:8      | Found a staircase to the Lair.
  6949 | D:8      | Reached skill level 13 in Maces & Flails
  6960 | D:8      | Reached XP level 10. HP: 29/56 MP: 10/10
  6993 | D:8      | Noticed a two-headed ogre
  7275 | D:7      | Killed a two-headed ogre
  7275 | D:7      | Reached skill level 14 in Maces & Flails
  7633 | D:8      | Reached skill level 15 in Maces & Flails
  8443 | Lair:1   | Entered Level 1 of the Lair of Beasts
  8486 | Lair:1   | Noticed a spiny frog
  8510 | Lair:1   | Killed a spiny frog
  8510 | Lair:1   | Reached XP level 11. HP: 16/60 MP: 11/11
  8536 | Lair:1   | Reached ***** piety under Qazlal
  8968 | Lair:1   | Reached skill level 16 in Maces & Flails
 10365 | Lair:2   | Noticed a wolf spider
 10365 | Lair:2   | Noticed a wolf spider
 10389 | Lair:1   | Slain by a wolf spider

Illustrated notes

Levels and vault maps discovered:
D:1:      dpeg_arrival_windows_large_door, layout_loops_cross
D:2:      layout_loops_ring, nicolae_qazlal_eye_of_the_storm, first_ration
D:3:      layout_loops_ring, serial_glass, glass_columns_b, glass_columns_c,
          glass_columns_b, glass_columns_a, minmay_lizard_king
D:4:      layout_gridville, serial_shops, shop, shop, kennysheep_mini_moat,
          nicolae_shop_trees, shop, serial_park_tiny_pond, kennysheep_orc_chapel
D:5:      layout_basic, temple_green
D:6:      layout_basic, serial_shops, shop_fountains, nicolae_shop_crystal,
          nicolae_shop_crystal, shop, portal_sewer_entry_d, uniq_duvessa
D:7:      layout_loops_ring
D:8:      layout_basic, minmay_lair_entry_grove, serial_shops,
          nicolae_shop_trees, david_nohive_1
Lair:1:   layout_layer_cave, chequers_serial_rivers_small_3, lemuel_fruit_tree,
          grunt_megastairs_4, lemuel_fruit_fields
Lair:2:   minmay_lair_venomous_thicket, layout_chaotic_city,
          chequers_serial_rivers_small_3, serial_bayou_shore_b

Skill      XL: |  1  2  3  4  5  6  7  8  9 10 11 |
---------------+----------------------------------+-----
Maces & Flails | 3 4 5 6 7 9 11 13 15 16 | 16.1
Fighting       | 4 |  4.6
Shields        | 4 |  4.6
Armour         | |  3.2

Action                   |  1- 3 |  4- 6 |  7- 9 | 10-12 || total
-------------------------+-------+-------+-------+-------++-------
Melee: Flail             |   122 |   156 |       |       ||   278
       Whip              |       |    54 |   467 |   417 ||   938
Throw: Boomerang         |       |       |     2 |     1 ||     3
       Dart              |       |       |       |     5 ||     5
  Use: Scroll            |     5 |     4 |     8 |       ||    17
       Potion            |       |     1 |       |       ||     1
  Eat: Chunk             |       |     8 |    16 |     7 ||    31
       Ration            |       |       |       |     1 ||     1
Armor: Scale mail        |    60 |   113 |    11 |       ||   184
       Ring mail         |       |       |    94 |   107 ||   201
Dodge: Dodged            |    43 |    83 |    70 |    71 ||   267
Block: Kite shield       |    68 |   129 |   190 |   216 ||   603
